 Dungeon Crawl Stone Soup version 0.22-a0-396-g3f858e37d3 (webtiles) character file.

2953 Manul the Carver (level 9, 0/78 HPs)
             Began as a White Draconian Gladiator on May 4, 2018.
             Was an Initiate of Gozag.
             Slain by epok's ghost (32 damage)
             ... on level 7 of the Dungeon.
             The game lasted 00:10:26 (9118 turns).

Manul the Carver (White Draconian Gladiator)        Turns: 9118, Time: 00:10:27

Health: 0/78       AC: 10    Str: 23    XL:     9   Next: 52%
Magic:  8/8        EV: 16    Int: 11    God:    Gozag
Gold:   339        SH:  0    Dex: 15    Spells: 8/8 levels left

rFire    + . .     SeeInvis .   t - +4 long sword (curse)
rCold    + . .     Gourm    .   (no shield)
rNeg     . . .     Faith    .   (armour unavailable)
rPois    .         Spirit   .   b - +0 hat
rElec    .         Reflect  .   (no cloak)
rCorr    .         Harm     .   j - +0 pair of gloves
MR       +....                  f - +0 pair of boots
Stlth    ++........             (no amulet)
HPRegen  0.23/turn              e - ring of protection from fire
MPRegen  0.11/turn              h - +6 ring of strength

@: no status effects
A: breathe frost, unfitting armour, clever 1, cold resistance 1, low mp 1, magic
resistance 1, shaggy fur 1, cold-blooded, AC +7
a: Breathe Frost, Potion Petition, Call Merchant, Bribe Branch, Renounce
Religion


You were on level 7 of the Dungeon.
You worshipped Gozag.
Gozag was aware of your devotion.
You were not hungry.

You visited 2 branches of the dungeon, and saw 8 of its levels.
You also visited: Sewer.

You collected 469 gold pieces.
You paid 130 gold pieces to Gozag.

Inventory:

Hand Weapons
 a - a +0 long sword
 i - a +2 hand axe of venom
 l - a +0 dagger of speed
 t - a cursed +4 long sword (weapon)
Missiles
 w - a throwing net (quivered)
Armour
 b - a +0 hat (worn)
 f - a +0 pair of boots (worn)
 j - a +0 pair of gloves (worn)
Jewellery
 e - a ring of protection from fire (left hand)
 h - a +6 ring of strength (right hand)
 k - an uncursed ring of positive energy
 y - an uncursed amulet of the gourmand {unknown}
Wands
 x - a wand of enslavement (20)
Scrolls
 c - 2 scrolls of remove curse
 g - 5 scrolls of enchant armour
 m - a scroll of noise {unknown}
 o - 2 scrolls of fear
 q - a scroll of blinking
 r - 3 scrolls of teleportation
 s - a scroll of amnesia {unknown}
 v - 3 scrolls of identify
 A - a scroll of magic mapping {unknown}
Potions
 n - 6 potions of curing
 p - 3 potions of heal wounds
 u - a potion of might
 z - 3 potions of flight {unknown}
 B - a potion of agility {unknown}
 C - a potion of cancellation {unknown}
Comestibles
 d - 8 rations


   Skills:
 + Level 6.6 Fighting
 + Level 9.9 Long Blades
 + Level 1.9 Axes
 + Level 2.1 Throwing
 + Level 6.2 Dodging
 - Level 2.5 Stealth


You had 8 spell levels left.
You didn't know any spells.

Dungeon Overview and Level Annotations

Branches:
Dungeon (7/15)             Temple (1/1) D:7

Altars:
Ashenzari
Cheibriados
Dithmenos
Elyvilon
Fedhas
Gozag
Hepliaklqana
Kikubaaqudgha
Makhleb
Nemelex Xobeh
Okawaru
Qazlal
Ru
Sif Muna
Trog
Uskayaw
Vehumet
Wu Jian
Xom
Yredelemnul
Zin
The Shining One

Shops:
D:4 :

Annotations:
D:7 epok's ghost, novice GrFi


Innate Abilities, Weirdness & Mutations

You can breathe waves of freezing cold.
You can buffet flying creatures when you breathe cold.
Your icy white scales are hard. (AC +7)
You cannot fit into any form of body armour.
Your flesh is cold resistant. (rC+)
You are cold-blooded and may be slowed by cold attacks.
Your mind is acute. (Int +2)
Your magical capacity is low. (-10% MP)
You are resistant to hostile enchantments. (MR+)
You are covered in fur. (AC +1)


Message History

Epok's ghost hits you!
You hit epok's ghost but do no damage.
You tail-slap epok's ghost, but do no damage.
Epok's ghost is moderately damaged.
Epok's ghost hits you!
You are too injured to fight recklessly!
You are too injured to fight recklessly!
You are too injured to fight recklessly!
You are too injured to fight recklessly!
You are too injured to fight recklessly!
You are too injured to fight recklessly!
You are too injured to fight recklessly!
You are too injured to fight recklessly!
You are too injured to fight recklessly!
Unknown command.
Okay, then.
Epok's ghost says, "You would make a fine zombie."
Epok's ghost hits you!!
You die...
Your body crumbles into a pile of gold.

#..# #.###.<...##.# #..#
#.# #.###.##.. #..# #.#
#.# #.#### ## #..#
#######.# #.# #.# .# #..#
#.......# #.# #.# .# #..#
#.####### #.# #.# .#
#..#####.# #.# #.# .###
##........#########.# ..
...# #.....###.W@........#
##.###.###.##...##########
#>....# #..........#
##.###.###.##.).###.# ...#
#.....###.## ####
###.......# #########


You could see epok's ghost.

Vanquished Creatures
  The ghost of ciphuk the Charmwright, an amateur GnSk (D:4)
  Grinder (D:5)
  2 hippogriffs (D:7)
  Sigmund (D:2)
  2 sky beasts (D:6)
  A phantom (D:6)
  3 ogres
  2 centaurs
  A bullfrog (D:6)
  2 scorpions
  A wyvern skeleton (D:6)
  3 killer bees (D:7)
  4 wights
  2 howler monkeys (D:7)
  A centaur zombie (D:6)
  2 hounds
  A bullfrog skeleton (D:7)
  A jelly (D:5)
  2 orc priests (D:4)
  4 orc wizards
  3 iguanas
  2 worker ants
  A hound zombie (D:7)
  2 hound skeletons
  Robin (D:3)
  4 gnolls (D:3)
  5 adders
  3 river rats (Sewer)
  3 shadow imps
  An ooze (D:5)
  A worm (D:2)
  A dart slug (D:3)
  7 leopard geckos
  13 orcs
  7 ball pythons
  5 giant cockroaches
  12 goblins
  4 hobgoblins
  3 jackals (D:1)
  6 quokkas
  5 bats
  19 frilled lizards
  A jackal skeleton (D:5)
  7 kobolds
  2 quokka skeletons
  14 rats
169 creatures vanquished.

Vanquished Creatures (others)
  2 plants (D:4)
2 creatures vanquished.

Grand Total: 171 creatures vanquished

Notes
Turn   | Place    | Note
-------+----------+-------------------------------------------
     0 | D:1      | Manul the Draconian Gladiator began the quest for the Orb.
     0 | D:1      | Reached XP level 1. HP: 17/17 MP: 1/1
   366 | D:1      | Reached XP level 2. HP: 24/25 MP: 2/2
   713 | D:2      | Noticed Sigmund
  1059 | D:2      | Found a shadowy altar of Dithmenos.
  1673 | D:2      | Killed Sigmund
  1673 | D:2      | Reached skill level 4 in Long Blades
  1673 | D:2      | Reached skill level 1 in Stealth
  1673 | D:2      | Reached XP level 3. HP: 18/31 MP: 3/3
  1673 | D:2      | Reached XP level 4. HP: 22/38 MP: 4/4
  1673 | D:2      | Reached XP level 5. HP: 26/45 MP: 5/5
  2124 | D:3      | Found an ancient bone altar of Kikubaaqudgha.
  2160 | D:3      | Found a glowing silver altar of Zin.
  2160 | D:3      | Found a bloodstained altar of Trog.
  2203 | D:3      | Noticed Robin
  2228 | D:3      | Reached skill level 5 in Long Blades
  2234 | D:3      | Killed Robin
  2234 | D:3      | Reached XP level 6. HP: 21/52 MP: 6/6
  2575 | D:3      | Noticed Grinder
  2582 | D:3      | Paralysed by Grinder for 2 turns
  2600 | D:3      | Paralysed by Grinder for 3 turns
  2619 | D:3      | Paralysed by Grinder for 7 turns
  3755 | D:4      | Noticed ciphuk's ghost (amateur GnSk)
  3768 | D:4      | Found a glowing drain.
  3783 | Sewer    | Entered a sewer
  4452 | D:4      | Found Dogoahux's Book Shoppe.
  5032 | D:4      | Your scales start taking on an icy white colour.
  5032 | D:4      | Reached XP level 7. HP: 28/59 MP: 7/7
  5032 | D:4      | Gained mutation: Your flesh is cold resistant. (rC+) [White Draconian growth]
  5134 | D:3      | Reached skill level 6 in Long Blades
  5873 | D:4      | Reached skill level 1 in Axes
  5899 | D:5      | Entered Level 5 of the Dungeon
  6627 | D:5      | Reached XP level 8. HP: 43/67 MP: 8/8
  6903 | D:5      | Killed Grinder
  6903 | D:5      | Reached skill level 5 in Fighting
  6903 | D:5      | Reached skill level 7 in Long Blades
  6903 | D:5      | Reached skill level 5 in Dodging
  7160 | D:4      | Gained mutation: You are resistant to hostile enchantments. (MR+) [potion of mutation]
  7160 | D:4      | Gained mutation: Your magical capacity is low. (-10% MP) [potion of mutation]
  7160 | D:4      | Gained mutation: You are covered in fur. (AC +1) [potion of mutation]
  7160 | D:4      | Gained mutation: Your mind is acute. (Int +2) [potion of mutation]
  7169 | D:4      | Killed ciphuk's ghost
  7647 | D:6      | Reached skill level 8 in Long Blades
  7742 | D:6      | Found a sparkling altar of Nemelex Xobeh.
  7850 | D:6      | Reached XP level 9. HP: 68/75 MP: 8/8
  7953 | D:6      | Reached skill level 9 in Long Blades
  8616 | D:7      | Found a staircase to the Ecumenical Temple.
  8626 | Temple   | Entered the Ecumenical Temple
  8633 | Temple   | Became a worshipper of Gozag Ym Sagoz the Greedy
  9094 | D:7      | Noticed epok's ghost (novice GrFi)
  9118 | D:7      | Slain by epok's ghost

Vault maps used:
D:1:      dpeg_chamrin_arrival_tetris
D:2:      old_standard_altar, uniq_sigmund
D:3:      kennysheep_big_flooded_room, grunt_temple_overflow_open,
          hangedman_decor_points, uniq_grinder, uniq_robin
D:4:      serial_shops, kennysheep_mini, portal_sewer_entry_d,
          hangedman_decor_diamond_cutter, minmay_lizard_king
D:5:      first_ration, kennysheep_dice
D:6:      nemelex_altar_shiori
D:7:      minmay_temple_entry_hall
Temple:   nicolae_temple_no_exploring_needed
Sewer:    sewer_co_cracked_pipes

Skill      XL: |  1  2  3  4  5  6  7  8  9 |
---------------+----------------------------+-----
Dodging        | 3 4 5 6 |  6.2
Fighting       | 3 4 6 |  6.6
Long Blades    | 4 5 6 8 9 |  9.9
Stealth        | 1 2 |  2.5
Axes           | 1 |  1.9
Throwing       | 2 |  2.1

Action                   |  1- 3 |  4- 6 |  7- 9 || total
-------------------------+-------+-------+-------++-------
Melee: Long sword        |    65 |   190 |   263 ||   518
       Tailslap          |     2 |    27 |    62 ||    91
       Hand axe          |       |     2 |    48 ||    50
Throw: Throwing net      |     3 |     4 |     3 ||    10
 Abil: Breathe Frost     |       |       |     1 ||     1
  Use: Scroll            |     1 |     8 |     1 ||    10
       Potion            |       |     3 |     5 ||     8
 Stab: Sleeping          |     2 |    11 |     6 ||    19
       Held in net/web   |       |     1 |       ||     1
       Distracted        |       |       |     1 ||     1
  Eat: Chunk             |     1 |     9 |    12 ||    22
       Ration            |       |     1 |     1 ||     2
Armor: Skin              |    13 |    45 |   112 ||   170
Dodge: Dodged            |    57 |   141 |   231 ||   429
       Rpst.: Long sword |    15 |    43 |    51 ||   109

Table legend:
 A = Spawn XP
 B = Non-spawn XP
 C = Spawn XP percentage of total XP
 D = Spawn monster count
 E = Non-spawn monster count
 F = Spawn count percentage of total count
 G = Total turns spent on level
                    A         B        C        D         E        F      G
               +---------+---------+-------+---------+---------+-------+---------
         Total |       0 |    4219 |   0.0 |       0 |     169 |   0.0 |  9118
               +---------+---------+-------+---------+---------+-------+---------
           D:1 |       0 |      20 |   0.0 |       0 |      13 |   0.0 |  1276
           D:2 |       0 |     300 |   0.0 |       0 |      17 |   0.0 |  1043
           D:3 |       0 |     198 |   0.0 |       0 |      33 |   0.0 |  1898
           D:4 |       0 |     837 |   0.0 |       0 |      31 |   0.0 |  1475
           D:5 |       0 |     756 |   0.0 |       0 |      21 |   0.0 |  1329
           D:6 |       0 |     999 |   0.0 |       0 |      15 |   0.0 |   436
           D:7 |       0 |    1049 |   0.0 |       0 |      17 |   0.0 |  1071
         Sewer |       0 |      60 |   0.0 |       0 |      22 |   0.0 |   575
               +---------+---------+-------+---------+---------+-------+---------
